 Dungeon Crawl Stone Soup version 0.21.1-1-g345015fe64 (webtiles) character file.

81 Gargoyl the Skirmisher (level 4, -1/38 HPs)
             Began as a Centaur Abyssal Knight on June 23, 2018.
             Was a Follower of Lugonu.
             Killed from afar by gorpus's ghost (6 damage)
             ... with a puff of frost
             ... on level 3 of the Dungeon.
             The game lasted 00:05:34 (2080 turns).

Gargoyl the Skirmisher (Centaur Abyssal Knight)     Turns: 2080, Time: 00:05:35

Health: -1/38      AC:  9    Str: 14    XL:     4   Next: 20%
Magic:  5/5        EV:  4    Int: 11    God:    Lugonu [*.....]
Gold:   116        SH:  0    Dex: 10    Spells: 3/3 levels left

rFire    . . .     SeeInvis .   a - +2 hand axe
rCold    . . .     Gourm    .   (no shield)
rNeg     . . .     Faith    .   g - +0 chain mail
rPois    .         Spirit   .   (no helmet)
rElec    .         Reflect  .   i - +0 cloak
rCorr    .         Harm     .   f - +0 pair of gloves
MR       .....                  (no barding)
Stlth    ..........             (no amulet)
HPRegen  0.12/turn              (no ring)
MPRegen  0.09/turn              (no ring)

@: very quick
A: large, hooves 3, deformed body, speed 2, tough skin 3
a: Depart the Abyss, Renounce Religion


You were on level 3 of the Dungeon.
You worshipped Lugonu.
Lugonu was aware of your devotion.
You were hungry.

You visited 1 branch of the dungeon, and saw 3 of its levels.
You visited the Abyss 1 time.

You collected 116 gold pieces.

Inventory:

Hand Weapons
 a - a +2 hand axe (weapon)
Armour
 f - a +0 pair of gloves (worn)
 g - a +0 chain mail (worn)
 i - a +0 cloak (worn)
Jewellery
 b - an uncursed amulet of rage {unknown}
Wands
 m - a wand of iceblast (8)
Scrolls
 e - a scroll of teleportation
 k - a scroll of blinking {unknown}
 o - 2 scrolls of identify
 p - a scroll of magic mapping {unknown}
Potions
 d - a potion of might {unknown}
 h - a potion of heal wounds {unknown}
 l - a potion of haste {unknown}
Books
 j - a book of Changes

   Spells                             Type                      Level
   a - Beastly Appendage              Transmutation                1
   b - Sticks to Snakes               Transmutation                2
   c - Spider Form                    Transmutation/Poison         3
   d - Ice Form                       Ice/Transmutation            4
   e - Blade Hands                    Transmutation                5
Comestibles
 c - 3 rations


   Skills:
 + Level 3.5 Fighting
 + Level 2.7 Axes
 * Level 2.1 Armour
 + Level 0.7 Dodging
 * Level 2.5 Invocations


You had 3 spell levels left.
You didn't know any spells.

Dungeon Overview and Level Annotations

Branches:
Dungeon (3/15)

Altars:

Annotations:
D:3 gorpus's ghost, amateur OpIE


Innate Abilities, Weirdness & Mutations

You have hooves in place of feet.
Armour fits poorly on your strangely shaped body.
You cover ground very quickly.
You have extremely tough skin. (AC +3)


Message History

Gorpus's ghost hits you.
You hit gorpus's ghost.
Gorpus's ghost is severely damaged.
Gorpus's ghost hits you.
You closely miss gorpus's ghost. Your kick misses gorpus's ghost.
Gorpus's ghost is severely damaged.
Gorpus's ghost casts a spell at you. The puff of frost hits you!
You slash gorpus's ghost!
Gorpus's ghost is almost destroyed.
Gorpus's ghost completely misses you.
You hit gorpus's ghost but do no damage.
Your kick misses gorpus's ghost.
Gorpus's ghost is almost destroyed.
Gorpus's ghost stares at you and mumbles some strange words.
The puff of frost hits you!
* * * LOW HITPOINT WARNING * * *
Gorpus's ghost stares at you and mumbles some strange words.
The puff of frost hits you!
You die...

.. #. ...
#. ....#.
....#.####
.........
.......W#
........#
.>.....@#
.##.###.#
.. #.#
########.#
.......<.#
.#########


You could see gorpus's ghost.

Vanquished Creatures
  3 adders (D:2)
  2 dart slugs (D:1)
  A bat (D:1)
  7 giant cockroaches
  3 goblins
  13 hobgoblins
  4 kobolds
  2 quokkas (D:2)
  A frilled lizard (D:2)
  8 rats
44 creatures vanquished.

Notes
Turn   | Place    | Note
-------+----------+-------------------------------------------
     0 | Abyss:1  | Gargoyl the Centaur Abyssal Knight began the quest for the Orb.
     0 | Abyss:1  | Reached XP level 1. HP: 19/19 MP: 2/2
    19 | Abyss:1  | Found a corrupted altar of Lugonu.
   126 | Abyss:2  | Found a corrupted altar of Lugonu.
   147 | Abyss:2  | Noticed a ynoxinul
   154 | Abyss:2  | Noticed a starcursed mass
   159 | D:1      | Escaped the Abyss
   577 | D:1      | Reached XP level 2. HP: 25/26 MP: 3/3
   594 | D:1      | Reached * piety under Lugonu
  1160 | D:1      | Reached XP level 3. HP: 26/31 MP: 4/4
  1739 | D:2      | Reached XP level 4. HP: 27/38 MP: 5/5
  2068 | D:3      | Noticed gorpus's ghost (amateur OpIE)
  2080 | D:3      | Killed from afar by gorpus's ghost

Skill      XL: |  1  2  3 |
---------------+----------+-----
Axes           | 2 |  2.7
Armour         | 2 |  2.1
Fighting       | |  3.5
Dodging        | |  0.7
Invocations    | |  2.5

Action                   |  1- 3 |  4- 6 || total
-------------------------+-------+-------++-------
Melee: Hand axe          |   111 |    21 ||   132
       Kick              |    16 |     4 ||    20
Invok: Depart the Abyss  |     1 |       ||     1
  Use: Scroll            |     6 |       ||     6
  Eat: Chunk             |     1 |     1 ||     2
Armor: Leather armour    |    13 |       ||    13
       Chain mail        |    67 |    11 ||    78
Dodge: Dodged            |    45 |     4 ||    49
